 Dungeon Crawl Stone Soup version 0.24.1 (webtiles) character file.

Game seed: 17819517233724251843, levelgen mode: deterministic

152707 Curus the Tortoise (level 17, -7/123 HPs)
             Began as a Gargoyle Fighter on Mar 24, 2020.
             Was the Champion of Trog.
             Mangled by a shambling mangrove (14 damage)
             ... on level 2 of the Swamp on Mar 25, 2020.
             The game lasted 03:11:01 (24506 turns).

Curus the Tortoise (Gargoyle Fighter)              Turns: 24506, Time: 03:11:02

Health: -7/123     AC: 40    Str: 29    XL:     17   Next: 58%
Magic:  21/21      EV:  4    Int: 10    God:    Trog [******]
Gold:   928        SH: 12    Dex: 14    Spells: 16/16 levels left

rFire    . . .     SeeInvis .   s - +4 morningstar (venom)
rCold    + + .     Gourm    .   N - +0 shield {AC+3}
rNeg     + . .     Faith    .   a - +2 plate armour {rC+}
rPois    ∞         Spirit   .   L - +0 helmet of Eckeamiv {rPois Str+4}
rElec    +         Reflect  .   (no cloak)
rCorr    +         Harm     .   C - -4 pair of gloves of Fortitude {Str+4 Stlth+}
MR       +....                  q - +0 pair of boots
Stlth    ..........             k - amulet of regeneration
HPRegen  0.70/turn              V - ring of protection from cold
MPRegen  0.17/turn              P - ring of resist corrosion

@: grasped by roots, berserk cooldown, flying, slowed, constricted, very slow
A: big wings, rugged brown scales 1, yellow scales 1, blurry vision 1, negative
energy resistance 1, electricity resistance, unbreathing, petrification
resistance, rot immunity, AC +12
a: Stop Flying, Berserk, Trog's Hand, Brothers in Arms, Renounce Religion


You were on level 2 of the Swamp.
You worshipped Trog.
Trog was exalted by your worship.
You were not hungry.

You visited 5 branches of the dungeon, and saw 26 of its levels.
You visited the Abyss 2 times.
You also visited: Ossuary and Bailey.

You collected 2866 gold pieces.
You spent 1938 gold pieces at shops.

Inventory:

Hand Weapons
 b - a +5 dire flail of draining
 n - a +3 morningstar of holy wrath
 p - the +1 flail "Zaraner" {flame, rN+ MP+9 Str+4}
   (You bought it in a shop on level 2 of the Orcish Mines)

   It has been specially enchanted to burn those struck by it, causing extra
   injury to most foes and up to half again as much damage against particularly
   susceptible opponents.
   It affects your strength (+4).
   It protects you from negative energy.
   It affects your magic capacity (+9).
 s - a +4 morningstar of venom (weapon)
 x - a +0 antimagic dire flail
Armour
 a - a +2 plate armour of cold resistance (worn)
 q - a +0 pair of boots (worn)
 C - the -4 pair of gloves of Fortitude (worn) {Str+4 Stlth+}
   (You found it on level 11 of the Dungeon)

   It affects your strength (+4).
   It makes you more stealthy.
 L - the +0 helmet of Eckeamiv (worn) {rPois Str+4}
   (You acquired it on level 5 of the Lair of Beasts)

   It affects your strength (+4).
   It protects you from poison.
 N - a +0 shield of protection (worn)
Jewellery
 c - the ring of the Salamander {rF++ Str-5 Int+2 Dex+2}
   (You bought it in a shop on level 2 of the Orcish Mines)

   [ring of intelligence]

   It affects your strength (-5).
   It affects your intelligence (+2).
   It affects your dexterity (+2).
   It greatly protects you from fire.
 g - a +2 amulet of reflection
 k - an amulet of regeneration (around neck)
 u - an uncursed amulet of faith
 z - an uncursed ring of positive energy
 F - a +3 ring of evasion
 G - an uncursed ring of protection from magic
 I - an uncursed ring of teleportation
 P - a ring of resist corrosion (right hand)
 Q - an uncursed amulet of guardian spirit
 S - an uncursed ring of protection from cold
 U - an uncursed ring of wizardry
 V - a ring of protection from cold (left hand)
 X - the amulet of Ittalatao {Harm *Drain rF- rN+++ Slay+4 Stlth-}
   (You took it off a centaur warrior on level 15 of the Dungeon)

   [amulet of harm]

   It increases damage dealt and taken.
   It affects your accuracy and damage with ranged weapons and melee attacks
   (+4).
   It makes you vulnerable to fire.
   It renders you almost immune to negative energy.
   It causes draining when unequipped.
   It makes you less stealthy.
 Z - an uncursed amulet of the acrobat
Wands
 t - a wand of enslavement (8)
 y - a wand of digging (7)
 D - a wand of polymorph (4)
 H - a wand of disintegration (10)
 K - a wand of iceblast (20)
 O - a wand of scattershot (3)
 R - a wand of flame (62)
 T - a wand of acid (11)
 W - a wand of paralysis (5)
Scrolls
 e - 22 scrolls of identify
 m - 13 scrolls of remove curse
 o - 13 scrolls of teleportation
 E - 7 scrolls of enchant weapon
 J - 2 scrolls of fear
 M - 3 scrolls of fog
 Y - 2 scrolls of magic mapping
Potions
 d - 7 potions of might
 h - 5 potions of resistance
 i - 11 potions of haste
 j - 17 potions of curing
 l - 3 potions of agility
 r - 15 potions of heal wounds
 v - a potion of invisibility
 w - 2 potions of brilliance
 A - 4 potions of flight
 B - 4 potions of ambrosia
Comestibles
 f - 47 rations


   Skills:
 - Level 18.6 Fighting
 - Level 16.0 Maces & Flails
 - Level 18.6 Armour
 + Level 7.4 Shields
 + Level 5.3 Evocations


You had 16 spell levels left.
You didn't know any spells.
Your spell library was empty.

Dungeon Overview and Level Annotations

Branches:
Dungeon (15/15)            Temple (1/1) D:4            Lair (6/6) D:10
  Swamp (2/4) Lair:2       Spider (0/4) Lair:3          Orc (2/2) D:11
    Elf (0/3) Orc:2        Vaults (0/5) D:14         Depths (0/5) D:15
Ossuary (visited)          Bailey (visited)
  Slime: Lair:5-6

Altars:
Ashenzari
Cheibriados
Dithmenos
Elyvilon
Gozag
Kikubaaqudgha
Makhleb
Okawaru
Qazlal
Ru
Sif Muna
Trog
Uskayaw
Vehumet
Wu Jian
Yredelemnul
Zin
Beogh

Shops:
D:4 }!?*   D:6 *   D:10 !:   D:11 =   D:12 (   D:13 !}   Orc:2 =(%*[


Innate Abilities, Weirdness & Mutations

You are resistant to torment.
Your stone body is resilient. (AC +12)
You are immune to poison.
Your large and strong wings let you fly indefinitely.
You resist negative energy. (rN+)
You are resistant to electric shocks. (rElec)
You can survive without breathing.
You are immune to petrification.
You are immune to rotting.
You are partially covered in rugged brown scales. (AC +1, +3% HP)
You are partially covered in yellow scales. (AC +2)
Scrolls take you a little longer to read.


Message History

The hornet stings you but does no damage.
The shambling mangrove hits you but does no damage.
* * * LOW HITPOINT WARNING * * *
The grasping roots constrict you.
Your shield and plate armour prevent you from hitting the hornet.
The hornet stings you but does no damage. x2
You block the shambling mangrove's attack.
* * * LOW HITPOINT WARNING * * *
The grasping roots constrict you!
Unknown command.
Your cyclops goes berserk!
You feel quite a bit more hungry.
The hornet stings you but does no damage.
You block the hornet's attack.
A swamp worm comes into view.
The hornet stings you.
* * * LOW HITPOINT WARNING * * *
You block the hornet's attack. The shambling mangrove hits you!
* * * LOW HITPOINT WARNING * * *
You die...

.....≈. ♣♣ .......
≈≈ ♣♣. ..%#... ..♣
♣♣..## ....#..
≈≈≈♣♣≈.... .....
..≈..≈..C##...##.w
..≈.......yfy.....
♣♣..≈....@#
♣≈.≈..#†y.##..# ≈
♣..†......###
♣♣..####......♣
♣♣.##.#....≈.≈
♣♣........≈.♣
♣♣.≈≈≈≈≈..≈.♣
♣.....♣..≈...
♣♣.≈≈..♣....≈.


You could see a shambling mangrove, a swamp worm, 3 hornets and a friendly
cyclops (berserk).

Vanquished Creatures
  A profane servitor (Abyss:2)
  Jorgrun (D:14)
  Frances (D:14)
  A sphinx (D:14)
  Gastronok (D:9)
  A fire giant (D:15)
  2 orc warlords (Orc:2)
  2 frost giants (D:15)
  Aizul (Swamp:1)
  A vampire knight (D:15)
  A dire elephant (Lair:6)
  A fire dragon (D:14)
  The ghost of Zaz Zots the Cleaver, a journeyman FoFi of the Shining One (D:14)
  Snorg (D:12)
  Erolcha (D:9)
  2 yaktaur captains (D:15)
  Harold (D:9)
  Fannar (D:12)
  4 vault guards (D:14)
  An ogre mage (D:15)
  12 hydras
  A shambling mangrove (Swamp:1)
  A merfolk avatar (Lair:6)
  5 two-headed ogres
  11 centaur warriors
  A catoblepas (Lair:6)
  6 alligators
  A tengu warrior (D:13)
  A queen ant (D:9)
  3 death yaks (Lair:5)
  2 orc high priests
  Nergalle (D:12)
  2 wretched stars
  A deep troll (D:15)
  5 unseen horrors
  A swamp dragon (Swamp:1)
  A wizard (D:15)
  9 orc knights
  5 deep elf magi
  Pikel (D:7)
  2 wolf spider zombies
  7 orc sorcerers
  A wolf spider (D:15)
  14 ugly things
  4 oklob plants (Lair:3)
  A worldbinder (Abyss:1)
  6 manticores
  7 cyclopes
  4 elephants
  2 black mambas
  4 centaur zombies (D:14)
  2 smoke demons (Abyss:2)
  A rust devil (Abyss:2)
  22 spiny frogs
  2 gargoyles
  6 rime drakes
  3 kobold demonologists
  2 yaktaurs (D:15)
  2 orange demons
  An efreet (D:15)
  A freezing wraith (D:15)
  9 komodo dragons
  A tengu conjurer (D:15)
  2 ancient zymes (Abyss:2)
  5 trolls
  3 ice devils
  A queen bee (Lair:3)
  A polar bear (Lair:6)
  5 jumping spiders (Lair:3)
  A polar bear (shapeshifter) (D:15)
  3 tyrant leeches (Lair:2)
  A harpy skeleton (D:15)
  A wind drake (Lair:6)
  7 blink frogs
  12 hornets
  12 hippogriffs
  Prince Ribbit (D:6)
  A bog body (Swamp:1)
  A raiju (Abyss:2)
  2 slime creatures (D:15)
  6 large abominations
  5 wyverns
  26 yaks
  4 flying skulls (Abyss:1)
  4 redbacks (Lair:3)
  6 shadows
  2 wraiths
  A vampire (D:15)
  A water elemental (Abyss:2)
  2 spriggans
  6 hungry ghosts
  A human (D:11)
  Eustachio (D:6)
  2 basilisks
  A steam dragon (D:9)
  Grum (D:8)
  2 neqoxecs (Abyss:2)
  7 vampire mosquitoes
  A chaos spawn (Abyss:2)
  22 soldier ants
  A swamp worm (Swamp:1)
  10 wargs
  6 insubstantial wisps (Swamp:2)
  11 water moccasins
  7 porcupines
  2 acid dragons (D:15)
  41 orc warriors
  2 ice beasts
  A swamp drake (Swamp:1)
  6 sky beasts
  Duvessa (D:4)
  A slave (D:7)
  A hornet zombie (D:15)
  2 black bears
  A necrophage (D:8)
  6 wolves
  12 centaurs
  12 ogres
  14 crocodiles
  3 big kobolds
  7 small abominations
  A big kobold (shapeshifter) (D:15)
  17 bullfrogs
  A wyvern zombie (D:14)
  A gnoll sergeant (D:8)
  Dowan (D:4)
  3 scorpions
  37 killer bees
  A wight (D:6)
  2 howler monkeys (D:4)
  3 electric eels
  3 bullfrog zombies
  3 crimson imps
  25 starcursed masses (Abyss:2)
  6 quasits
  24 orc priests
  6 hounds
  6 centaur skeletons
  35 orc wizards
  A bullfrog skeleton (D:13)
  An iron imp (Abyss:1)
  5 iguanas
  28 worker ants
  A hound skeleton (D:7)
  A mummy (Ossuary)
  2 worker ant zombies
  11 adders
  9 gnolls
  4 shadow imps
  An ooze (D:7)
  5 worms
  2 dart slugs (D:1)
  4 leopard geckos
  91 orcs
  2 ball pythons
  5 giant cockroaches
  20 goblins
  9 hobgoblins
  8 jackals
  3 quokkas
  11 bats
  5 gnoll skeletons (Ossuary)
  20 kobolds
  9 kobold skeletons (Ossuary)
  2 leopard gecko skeletons
  11 orc skeletons (Ossuary)
  A quokka skeleton (D:9)
  A quokka zombie (D:6)
  8 rats
  A rat zombie (D:6)
964 creatures vanquished.

Vanquished Creatures (collateral kills)
  An orc warlord (Orc:1)
  Psyche (D:9)
  A queen bee (D:9)
  A warg (Orc:1)
  An acid dragon (D:12)
  3 orc warriors (Orc:1)
  An ogre (Orc:1)
  An orc priest (Orc:1)
  An orc wizard (Orc:1)
  3 orcs (Orc:1)
14 creatures vanquished.

Vanquished Creatures (others)
  Erica (D:9)
  A centaur zombie (D:15)
  2 fungi (Lair:5)
  6 plants
10 creatures vanquished.

Grand Total: 988 creatures vanquished

Notes
Turn   | Place    | Note
-------+----------+-------------------------------------------
     0 | D:1      | Curus the Gargoyle Fighter began the quest for the Orb.
     0 | D:1      | Reached XP level 1. HP: 14/14 MP: 1/1
   339 | D:1      | Reached XP level 2. HP: 19/19 MP: 2/2
   959 | D:2      | Reached XP level 3. HP: 23/23 MP: 3/3
  1417 | D:2      | Gained mutation: You are partially covered in yellow
                  | scales. (AC +2) [potion of mutation]
  1417 | D:2      | Gained mutation: You possess an exceptional clarity of
                  | mind. [potion of mutation]
  1417 | D:2      | Lost mutation: You possess an exceptional clarity of mind.
                  | [potion of mutation]
  1417 | D:2      | Gained mutation: You are partially covered in rugged brown
                  | scales. (AC +1, +3% HP) [potion of mutation]
  1428 | D:2      | Reached XP level 4. HP: 28/28 MP: 4/4
  1749 | D:3      | You fall into a shaft and drop 1 floor!
  1749 | D:4      | Noticed an ogre
  1753 | D:4      | Killed an ogre
  1753 | D:4      | Reached skill level 5 in Maces & Flails
  1753 | D:4      | Reached XP level 5. HP: 24/32 MP: 5/5
  1777 | D:4      | Found a staircase to the Ecumenical Temple.
  1787 | Temple   | Entered the Ecumenical Temple
  1812 | Temple   | Became a worshipper of Trog the Wrathful
  1943 | D:4      | Noticed Duvessa
  1943 | D:4      | Noticed Dowan
  1950 | D:4      | Killed Duvessa
  1950 | D:4      | Reached XP level 6. HP: 33/38 MP: 6/6
  1970 | D:4      | Killed Dowan
  2364 | D:3      | Reached * piety under Trog
  2451 | D:3      | Reached XP level 7. HP: 42/42 MP: 7/7
  3098 | D:4      | Found Duus's Distillery.
  3099 | D:4      | Found Atunniny's Magic Scroll Boutique.
  3099 | D:4      | Noticed a hippogriff
  3100 | D:4      | Found Duhiecs's Gadget Boutique.
  3101 | D:4      | Found Orafuloy's General Store.
  3114 | D:4      | Killed a hippogriff
  3117 | D:4      | Reached XP level 8. HP: 30/47 MP: 8/8
  3156 | D:4      | Bought a potion of heal wounds for 70 gold pieces
  3156 | D:4      | Bought a scroll of teleportation for 42 gold pieces
  3161 | D:4      | Bought a potion of curing for 39 gold pieces
  3169 | D:4      | Bought a scroll of teleportation for 36 gold pieces
  3603 | D:5      | Entered Level 5 of the Dungeon
  3633 | D:5      | Found a burning altar of Makhleb.
  3801 | D:5      | Found a snail-covered altar of Cheibriados.
  3833 | D:5      | Reached ** piety under Trog
  4391 | D:6      | Noticed Prince Ribbit
  4485 | D:6      | Found a sand-covered staircase.
  4492 | Ossuary  | Entered an ossuary
  4492 | Ossuary  | Noticed a wraith
  4492 | Ossuary  | Noticed a wraith
  4492 | Ossuary  | Noticed a wraith
  4574 | Ossuary  | Noticed a wraith
  4614 | Ossuary  | Killed a wraith
  4614 | Ossuary  | Reached skill level 10 in Maces & Flails
  4769 | D:6      | Reached *** piety under Trog
  4797 | D:6      | Noticed Eustachio
  4831 | D:6      | Killed Eustachio
  5215 | D:6      | Found Vas Poedgh's General Store.
  5218 | D:6      | Bought a scroll of teleportation for 42 gold pieces
  5301 | D:6      | Killed Prince Ribbit
  5357 | D:7      | Reached XP level 9. HP: 49/52 MP: 9/9
  5657 | D:7      | Found a white marble altar of Elyvilon.
  5666 | D:7      | Found an iron altar of Okawaru.
  5743 | D:7      | Found a shimmering blue altar of Sif Muna.
  5772 | D:7      | Found a flagged portal.
  5791 | Bailey   | Entered a bailey
  5822 | Bailey   | Noticed an orc knight
  5835 | Bailey   | Killed an orc knight
  5857 | Bailey   | Found an iron altar of Okawaru.
  5857 | Bailey   | Noticed an orc sorcerer
  5857 | Bailey   | Noticed an orc sorcerer
  5867 | Bailey   | Paralysed by an orc sorcerer for 4 turns
  5872 | Bailey   | Killed an orc sorcerer
  5877 | Bailey   | Noticed an orange demon
  5880 | Bailey   | Noticed a soul eater
  5885 | Bailey   | Killed an orc sorcerer
  5885 | Bailey   | Reached XP level 10. HP: 13/57 MP: 10/10
  5935 | Bailey   | Noticed an orc knight
  5953 | Bailey   | Killed an orc knight
  5959 | Bailey   | Reached **** piety under Trog
  6091 | Bailey   | Noticed an orc knight
  6107 | Bailey   | Killed an orc knight
  6399 | D:7      | Noticed Pikel
  6416 | D:7      | Killed Pikel
  6416 | D:7      | Reached skill level 15 in Maces & Flails
  6805 | D:8      | Reached XP level 11. HP: 61/61 MP: 11/11
  6976 | D:8      | Noticed Grum
  6988 | D:8      | Killed Grum
  7310 | D:8      | Reached ***** piety under Trog
  7622 | D:9      | Noticed Erolcha
  7636 | D:9      | Killed Erolcha
  7681 | D:9      | Noticed Erica
  7691 | D:9      | Noticed Harold
  7714 | D:9      | Killed Erica
  7714 | D:9      | Reached skill level 5 in Fighting
  7714 | D:9      | Reached skill level 5 in Armour
  7730 | D:9      | Killed Harold
  7786 | D:9      | Received a gift from Trog
  7815 | D:9      | HP: 3/65 [queen bee (7)]
  8054 | D:9      | Noticed Psyche
  8132 | D:9      | Cast into level 1 of the Abyss (Psyche)
  8257 | Abyss:1  | Noticed a worldbinder
  8259 | Abyss:1  | Noticed an ironheart preserver
  8260 | Abyss:1  | Noticed an ironheart preserver
  8270 | Abyss:1  | Noticed a wretched star
  8279 | Abyss:1  | Noticed an ironheart preserver
  8279 | Abyss:1  | Killed a worldbinder
  8293 | Abyss:1  | Killed a wretched star
  8300 | Abyss:1  | Reached XP level 12. HP: 38/52 MP: 8/10
  8317 | Abyss:1  | Noticed a thrashing horror
  8343 | D:9      | Escaped the Abyss
  8384 | D:9      | Killed Psyche
  8781 | D:9      | Noticed a queen ant
  8792 | D:9      | Killed a queen ant
  8840 | D:9      | Noticed Gastronok
  8872 | D:9      | Killed Gastronok
  9174 | D:10     | Entered Level 10 of the Dungeon
  9336 | D:10     | Found a staircase to the Lair.
  9405 | Lair:1   | Entered Level 1 of the Lair of Beasts
  9443 | Lair:1   | Reached skill level 1 in Evocations
  9478 | D:10     | Found a basalt altar of Yredelemnul.
  9886 | D:10     | Found Nuaxih's Book Emporium.
  9890 | D:10     | Noticed a two-headed ogre
  9892 | D:10     | Found Huos's Distillery.
  9904 | D:10     | Killed a two-headed ogre
  9904 | D:10     | Reached skill level 5 in Shields
  9926 | D:10     | Bought a potion of haste for 100 gold pieces
  9926 | D:10     | Bought a potion of curing for 30 gold pieces
  9926 | D:10     | Bought a potion of heal wounds for 50 gold pieces
  9926 | D:10     | Bought a potion of heal wounds for 50 gold pieces
  9926 | D:10     | Bought a potion of heal wounds for 50 gold pieces
  9926 | D:10     | Bought a potion of heal wounds for 50 gold pieces
  9926 | D:10     | Bought a potion of might for 40 gold pieces
 10304 | Lair:1   | Reached skill level 10 in Fighting
 10304 | Lair:1   | Reached skill level 10 in Armour
 10392 | Lair:1   | Reached ****** piety under Trog
 10392 | Lair:1   | Reached XP level 13. HP: 84/84 MP: 15/15
 11171 | Lair:2   | Found a staircase to the Swamp.
 11931 | Lair:3   | Received a gift from Trog
 12442 | Lair:3   | Found a hole to the Spider Nest.
 14059 | Lair:5   | Gained mutation: Your large and strong wings let you fly
                  | indefinitely. [Gargoyle growth]
 14059 | Lair:5   | Reached XP level 14. HP: 61/94 MP: 16/16
 14171 | Lair:5   | Received a gift from Trog
 14804 | Lair:6   | Entered Level 6 of the Lair of Beasts
 14866 | Lair:5   | Got a dazzling helmet
 14877 | Lair:5   | Identified the +0 helmet of Eckeamiv {rPois Str+4} (You
                  | acquired it on level 5 of the Lair of Beasts)
 14935 | Lair:6   | Noticed a dire elephant
 14956 | Lair:6   | Killed a dire elephant
 15908 | D:11     | Received a gift from Trog
 15951 | D:11     | Found a staircase to the Orcish Mines.
 16023 | Orc:1    | Entered Level 1 of the Orcish Mines
 16126 | Orc:1    | Noticed an orc warlord
 16143 | Orc:1    | Killed an orc warlord
 16185 | Orc:1    | You are sucked into a shaft and drop 1 floor!
 16185 | Orc:2    | Entered Level 2 of the Orcish Mines
 16205 | Orc:2    | Noticed an orc warlord
 16214 | Orc:2    | Found a staircase to the Elven Halls.
 16348 | Orc:1    | Received a gift from Trog
 16423 | Orc:2    | Reached XP level 15. HP: 77/104 MP: 17/17
 16462 | Orc:2    | Noticed an orc warlord
 16677 | Orc:2    | Killed an orc warlord
 16677 | Orc:2    | Reached skill level 15 in Fighting
 16677 | Orc:2    | Reached skill level 15 in Armour
 17063 | Orc:2    | Found Veckutz's Food Shop.
 17088 | Orc:2    | Found a roughly hewn altar of Beogh.
 17122 | Orc:2    | Killed an orc warlord
 17236 | Orc:2    | Found Hopluc's Jewellery Boutique.
 17260 | Orc:2    | Bought the ring of the Salamander {rF++ Str-5 Int+2 Dex+2}
                  | for 411 gold pieces
 17431 | Orc:2    | Found a roughly hewn altar of Beogh.
 17579 | Orc:2    | Found Foafyif's Antique Armour Boutique.
 17642 | Orc:2    | Found Hicuep's Antique Weapon Boutique.
 17648 | Orc:2    | Bought a polished flail for 272 gold pieces
 17648 | Orc:2    | Identified the cursed +1 flail "Zaraner" {flame, rN+ MP+9
                  | Str+4} (You bought it in a shop on level 2 of the Orcish
                  | Mines)
 17662 | Orc:2    | Found Xaucyr's General Store.
 17670 | Orc:2    | Bought a potion of agility for 64 gold pieces
 18216 | D:11     | Found Ushusun's Jewellery Shoppe.
 18306 | D:11     | Got a pair of crude gloves
 18316 | D:11     | Identified the -4 pair of gloves of Fortitude {Str+4
                  | Stlth+} (You found it on level 11 of the Dungeon)
 18431 | D:12     | Received a gift from Trog
 18603 | D:12     | Noticed Snorg
 18618 | D:12     | Killed Snorg
 19075 | D:12     | Found Val Diol's Weapon Emporium.
 19112 | D:12     | Noticed Fannar
 19112 | D:12     | Noticed Nergalle
 19128 | D:12     | Killed Fannar
 19146 | D:12     | Killed Nergalle
 19270 | D:12     | Found a shadowy altar of Dithmenos.
 19549 | D:13     | Found Yvebrin's Gadget Shoppe.
 20065 | D:13     | Found Nydonarr's Distillery.
 20083 | D:13     | Bought a potion of resistance for 160 gold pieces
 20083 | D:13     | Bought a potion of heal wounds for 80 gold pieces
 20083 | D:13     | Bought a potion of heal wounds for 80 gold pieces
 20083 | D:13     | Bought a potion of curing for 48 gold pieces
 20083 | D:13     | Bought a potion of heal wounds for 80 gold pieces
 20083 | D:13     | Bought a potion of might for 64 gold pieces
 20083 | D:13     | Bought a potion of heal wounds for 80 gold pieces
 20195 | D:14     | Found a gate to the Vaults.
 20386 | D:14     | Noticed a sphinx
 20387 | D:14     | Noticed Zaz Zots's ghost (journeyman FoFi)
 20435 | D:14     | Received a gift from Trog
 20435 | D:14     | Reached XP level 16. HP: 20/114 MP: 18/18
 20608 | D:14     | Noticed Frances
 20637 | D:14     | Killed Frances
 20863 | D:14     | Found a transporter.
 20865 | D:14     | Found a transporter.
 20957 | D:14     | Noticed Jorgrun
 20979 | D:14     | Killed Jorgrun
 21273 | D:14     | Killed a sphinx
 21290 | D:14     | Killed Zaz Zots's ghost
 21368 | D:15     | Entered Level 15 of the Dungeon
 21494 | D:15     | Found a radiant altar of Vehumet.
 21494 | D:15     | Found a shimmering blue altar of Sif Muna.
 21495 | D:15     | Found a stormy altar of Qazlal.
 21618 | D:15     | Received a gift from Trog
 21802 | D:15     | Identified the amulet of Ittalatao {Harm *Drain rF- rN+++
                  | Slay+4 Stlth-}
 22221 | D:15     | HP: 8/175 [something/vampiric draining (4)]
 22455 | D:15     | Received a gift from Trog
 22461 | D:15     | Reached XP level 17. HP: 67/123 MP: 19/19
 22530 | D:15     | Cast into level 2 of the Abyss (a wizard)
 22879 | Abyss:2  | Gained mutation: Scrolls take you a little longer to read.
                  | [a neqoxec]
 22922 | Abyss:2  | Noticed a profane servitor
 22984 | Abyss:2  | Killed a profane servitor
 23138 | Abyss:2  | Paralysed by accursed screaming for 1 turns
 23188 | D:15     | Escaped the Abyss
 23302 | D:15     | Received a gift from Trog
 23311 | D:15     | Found a staircase to the Depths.
 23596 | Swamp:1  | Entered Level 1 of the Swamp
 24126 | Swamp:1  | Noticed Aizul
 24150 | Swamp:1  | Killed Aizul
 24427 | Swamp:2  | Reached skill level 5 in Evocations
 24506 | Swamp:2  | Mangled by a shambling mangrove

Levels and vault maps discovered:
D:1:      lightli_arrival_lavapool, layout_loops_corners
D:2:      layout_rooms
D:3:      layout_loops_corners, eino_curves_04, minmay_liquid_box,
          kennysheep_generic_room_14
D:4:      layout_basic, minmay_temple_entry_overgrown, first_ration,
          minmay_shop_grid_forest, uniq_duvessa
D:5:      layout_loops_ring, overflow_temple_1_default, basic_altar
D:6:      layout_basic, enter_ossuary_4, serial_shops,
          nicolae_shop_behind_doors, st_stairs_1, uniq_prince_ribbit1,
          uniq_eustachio
D:7:      layout_gridville, kennysheep_little_box,
          chequers_temple_overflow_statue_of_worship, enter_bailey_3, uniq_pikel
D:8:      layout_loops_cross, grunt_ministairs_4, uniq_grum
D:9:      layout_small_grid, david_nohive_1, minivault_29, uniq_erolcha,
          uniq_psyche, uniq_harold, uniq_erica, uniq_gastronok
D:10:     layout_layer_cave, erik_lair_orcish_takeover, serial_shops,
          shop_fountains, shop_statue, basic_altar
D:11:     layout_cave_pools, erik_orc_4, serial_shops, shop
D:12:     layout_loops_corners, portal_ice_cave_demonic_guard, serial_shops,
          shop, grunt_dithmenos_shadows, uniq_fannar, uniq_nergalle, uniq_snorg
D:13:     layout_loops_cross, serial_shops, nicolae_shop_crystal, shop
D:14:     layout_irregular_city, lightli_vaults_fourway_checkpoint,
          gammafunk_ghost_arena, uniq_jorgrun, uniq_frances
D:15:     hangedman_slaughterboxes
Temple:   compressed_dpeg_circular_temple
Lair:1:   layout_misc_corridors, serial_bayou_shore_a, lemuel_fruit_tree,
          grunt_megastairs_4
Lair:2:   layout_regular_city, minmay_swamp_entry_worms
Lair:3:   layout_layer_cave, nicolae_spider_entry_tight_spaces, special_room
          [special_room_bee], serial_bayou_pond_d,
          grunt_forest_large_clearing_hut, minmay_lair_oklob_chamber
Lair:4:   layout_small_grid, grunt_megastairs_5
Lair:5:   layout_regular_city
Lair:6:   gammafunk_lair_ancient_temple, layout_regular_city,
          minmay_slime_entry_oklob_enclosed, lemuel_fruit_fields
Swamp:1:  layout_basic_swamp, hangedman_swamp_lotus, uniq_aizul
Swamp:2:  layout_falls_marsh, evilmike_swamp_ruin_rubble_1, swamp_pool4,
          nicolae_swamp_spriggan_camp
Orc:1:    layout_diamond_mine
Orc:2:    grunt_orc_cross, layout_diamond_mine, serial_shops,
          nicolae_shop_crystal, basic_altar, statue_in_the_mist_lemuel

Skill      XL: |  1  2  3  4  5  6  7  8  9 10 11 12 13 14 15 16 17 |
---------------+----------------------------------------------------+-----
Maces & Flails | 3 4 5 6 7 9 11 13 15 16 | 16.0
Fighting       | 7 10 12 14 16 18 | 18.6
Armour         | 7 10 12 14 16 18 | 18.6
Evocations     | 2 3 5 |  5.3
Shields        | 5 7 |  7.4

Action                   |  1- 3 |  4- 6 |  7- 9 | 10-12 | 13-15 | 16-18 || total
-------------------------+-------+-------+-------+-------+-------+-------++-------
Melee: Flail             |   119 |   144 |    26 |       |   476 |   200 ||   965
       Morningstar       |       |       |   474 |   962 |  1027 |   854 ||  3317
       Dire flail        |       |       |       |       |   304 |       ||   304
Invok: Berserk           |       |       |     3 |     6 |     4 |     4 ||    17
       Brothers in Arms  |       |       |       |     2 |     1 |     1 ||     4
       Trog's Hand       |       |       |       |     1 |       |       ||     1
 Abil: Fly               |       |       |       |       |     2 |       ||     2
       Stop Flying       |       |       |       |       |     1 |       ||     1
Evoke: Wand              |       |       |       |     1 |     5 |     3 ||     9
  Use: Scroll            |     6 |     2 |    10 |     5 |    11 |     3 ||    37
       Potion            |     6 |     2 |     5 |     1 |     2 |       ||    16
  Eat: Chunk             |     2 |     3 |    14 |    19 |    25 |    14 ||    77
       Ration            |       |       |       |     3 |     5 |     2 ||    10
Armor: Scale mail        |    80 |    34 |       |       |       |       ||   114
       Plate armour      |       |    61 |   377 |   704 |  1455 |  1085 ||  3682
Dodge: Dodged            |    31 |    32 |    63 |   132 |   432 |   314 ||  1004
Block: Shield            |    95 |    93 |   239 |   392 |   794 |   630 ||  2243
       Reflection        |     5 |       |       |       |       |       ||     5
